 Dungeon Crawl Stone Soup version 0.29-a0-330-g52719c12eb (webtiles) character file.

Game seed: 4195068385232025093

104 Taurus the Grave Robber (level 4, -8/34 HPs)
             Began as a Ghoul Necromancer on Apr 12, 2022.
             Mangled by Blork the orc
             ... wielding a +0 morningstar
              (11 damage)
             ... on level 4 of the Dungeon on Apr 13, 2022.
             The game lasted 01:00:59 (3723 turns).

Taurus the Grave Robber (Ghoul Necromancer)         Turns: 3723, Time: 01:00:59

Health: -8/34      AC:  3    Str: 11    XL:     4   Next: 80%
Magic:  2/6        EV: 11    Int: 12    God:
Gold:   102        SH:  0    Dex:  9    Spells: 0/7 levels left

rFire   . . .      SeeInvis .   j - +0 long sword
rCold   + . .      Faith    .   (no shield)
rNeg    + + +      Spirit   .   m - +0 leather armour
rPois   ∞          Reflect  .   (no helmet)
rElec   .          Harm     .   (no cloak)
rCorr   .          Rampage  .   (no gloves)
Will    .....                   (no boots)
Stlth   ++........              (no amulet)
HPRegen 0.00/turn               h - ring of positive energy
MPRegen 0.10/turn               (no ring)

@: inhibited regen
A: claws 1, cold resistance 1, negative energy resistance 3, inhibited
regeneration, torment resistance 2, devour on kill
a: no special abilities


You were on level 4 of the Dungeon.
You visited 1 branch of the dungeon, and saw 4 of its levels.

You collected 102 gold pieces.

Inventory:

Hand Weapons
 d - a +0 trident
 i - a +0 club
 j - a +0 long sword (weapon)
 k - a +0 club
 n - a +0 club
 o - a +0 club
 p - a +0 dagger
 r - a +0 dagger
 s - a +0 short sword
 u - a +0 hand axe
 w - a +0 spear
 y - a +0 flail
 z - a +0 short sword
 A - a +0 club
Missiles
 e - 86 stones (quivered)
 l - 3 poisoned darts
Armour
 a - a +0 robe
 m - a +0 leather armour (worn)
Jewellery
 h - a ring of positive energy (left claw)
Scrolls
 c - a scroll of fear {unknown}
 f - a scroll of noise
 q - a scroll of immolation {unknown}
 v - a scroll of summoning
 B - 2 scrolls of amnesia {unknown}
 D - a scroll of teleportation {unknown}
Potions
 b - a potion of magic
 g - a potion of attraction
 t - a potion of degeneration
 x - 4 potions of might {unknown}
 C - 3 potions of heal wounds {unknown}


   Skills:
 + Level 0.7 Fighting
 + Level 1.5 Long Blades
 + Level 0.4 Polearms
 + Level 0.9 Armour
 + Level 2.1 Dodging
 + Level 2.5 Stealth
 + Level 2.3 Spellcasting
 + Level 4.5 Necromancy


You couldn't memorise any spells.
You knew the following spells:

 Your Spells              Type           Power      Damage    Failure   Level
a - Pain                  Necr           48%        1d6       5%          1
b - Animate Skeleton      Necr           24%        N/A       5%          1
c - Vampiric Draining     Necr           12%        2d6       16%         3
d - Corpse Rot            Necr/Air       12%        N/A       21%         2

Your spell library contained the following spells:

 Spells                   Type           Power      Damage    Failure   Level
 Poisonous Vapours        Pois/Air       2%         N/A       47%         2
 Animate Dead             Necr           6%         N/A       47%         4
 Confusing Touch          Hex            1%         N/A       71%         3
 Dazzling Flash           Conj/Hex       2%         N/A       71%         3
 Agony                    Necr           12%        N/A       83%         5
 Silence                  Hex/Air        0%         N/A       100%        5
 Yara's Violent Unravell  Hex/Tmut       0%         3d3       100%        5
 Enfeeble                 Hex            0%         N/A       100%        7


Dungeon Overview and Level Annotations

Branches:
Dungeon (3/15)

Altars:
Beogh

Annotations:
D:4 Blork the orc


Innate Abilities, Weirdness & Mutations

You are immune to poison.
You have sharp fingernails.
Your flesh is cold resistant. (rC+)
You are immune to negative energy. (rN+++)
You do not regenerate when monsters are visible.
You are immune to unholy pain and torment.
You thrive by killing the living.


Message History

Casting: Vampiric Draining (quite dangerous; 16% risk of failure)
Confirm with . or Enter, or press ? or * to list all spells.
Aiming: Pain (safe; 5% risk of failure)
Press: ? - help, Shift-Dir - straight line, f - Blork the orc
Aim: Blork the orc, wielding a +0 morningstar and wearing a +0 robe (chance to affect: 67%) Blork the orc struggles to resist.
Blork the orc hits you with a +0 morningstar!
You hit Blork the orc.
Blork the orc is lightly wounded.
Blork the orc barely misses you.
You hit Blork the orc.
Blork the orc is moderately wounded.
Blork the orc barely misses you.
Blork the orc hits you with a +0 morningstar!
* * * LOW HITPOINT WARNING * * *
Casting: Pain (safe; 5% risk of failure)
Confirm with . or Enter, or press ? or * to list all spells.
The spell is quite dangerous to miscast (16% risk of failure)!
Continue anyway?
Aiming: Vampiric Draining (quite dangerous; 16% risk of failure)
Press: ? - help, Shift-Dir - straight line, f/p - Blork the orc
Aim: Blork the orc, wielding a +0 morningstar and wearing a +0 robe (moderately wounded)
You draw life force from Blork the orc!
You feel life coursing into your body.
Blork the orc gestures at you while chanting.
The puff of frost hits you. You resist.
* * * LOW HITPOINT WARNING * * *
Casting: Vampiric Draining (quite dangerous; 16% risk of failure)
Confirm with . or Enter, or press ? or * to list all spells.
You don't know that spell.
Casting: Vampiric Draining (quite dangerous; 16% risk of failure)
Confirm with . or Enter, or press ? or * to list all spells.
You don't have enough magic to cast this spell.
You hit Blork the orc but do no damage.
Blork the orc is severely wounded.
Blork the orc points at you and mumbles some strange words.
The puff of flame hits you!
* * * LOW HITPOINT WARNING * * *
You closely miss Blork the orc.
Blork the orc is severely wounded.
Blork the orc hits you with a +0 morningstar!
You die...

.#. ?. .. #.# ..# .#.
#.. #.#... #### #.#.#
#... #..# #.## #.# #.##
#.# #######.## #o#####
#.......## #@....#
#.#####...
######.###.###.#...†...
#......# #.........#.##
#.####.###.###.#.†.#.#
..####..........#
#>......#
............#.###
#########
.#####..###.#.# #..#
#.#.# ##.###.#.#


You could see Blork the orc.

Vanquished Creatures
  A jelly (D:4)
  2 adders (D:2)
  2 worms
  3 dart slugs
  2 orcs (D:2)
  An endoplasm (D:2)
  2 giant cockroaches (D:2)
  4 goblins (D:1)
  7 hobgoblins
  4 jackals (D:4)
  A kobold (D:1)
  A ball python (D:4)
  4 bats
  5 frilled lizards
  6 rats
45 creatures vanquished.

Notes
Turn   | Place    | Note
-------+----------+-------------------------------------------
     0 | D:1      | Taurus the Ghoul Necromancer began the quest for the Orb.
     0 | D:1      | Reached XP level 1. HP: 14/14 MP: 2/2
   485 | D:1      | Learned a level 1 spell: Animate Skeleton
   600 | D:1      | Reached XP level 2. HP: 16/20 MP: 3/3
  1782 | D:2      | Reached XP level 3. HP: 11/26 MP: 2/5
  2487 | D:2      | Reached skill level 1 in Long Blades
  2581 | D:2      | Reached XP level 4. HP: 34/34 MP: 6/6
  2598 | D:2      | Found a faded altar of an unknown god.
  2730 | D:2      | Learned a level 3 spell: Vampiric Draining
  2733 | D:2      | Learned a level 2 spell: Corpse Rot
  3516 | D:3      | You fall into a shaft and drop 1 floor!
  3714 | D:4      | Noticed Blork the orc
  3723 | D:4      | Mangled by Blork the orc

Illustrated notes

Levels and vault maps discovered:
D:1:      matt_arrival_diagonals, layout_loops_corners
D:2:      layout_basic, hellmonk_ecumenical_altar_defaced_shrine,
          grunt_ministairs_4, grunt_decor_one_mirror, roderic_lattice_a
D:3:      layout_rooms
D:4:      layout_loops_cross, nicolae_wu_jian_wuxing_cycle,
          lightli_sewer_entry_pipes, serial_shops, nicolae_stop_n_shop_2,
          uniq_blork_the_orc

Skill      XL: |  1  2  3 |
---------------+----------+-----
Dodging        | 2 |  2.1
Spellcasting   | 2 |  2.3
Long Blades    | 1 |  1.5
Fighting       | |  0.7
Polearms       | |  0.4
Armour         | |  0.9
Stealth        | |  2.5
Necromancy     | |  4.5

Action                   |  1- 3 |  4- 6 || total
-------------------------+-------+-------++-------
Melee: Trident           |    23 |       ||    23
       Unarmed           |     4 |       ||     4
       Punch             |     2 |       ||     2
       Long sword        |    69 |    48 ||   117
 Cast: Animate Skeleton  |     5 |     4 ||     9
       Pain              |     9 |     1 ||    10
       Vampiric Draining |       |     5 ||     5
  Use: Scroll            |       |     4 ||     4
 Stab: Sleeping          |     1 |       ||     1
Armor: Robe              |     6 |       ||     6
       Leather armour    |    29 |    13 ||    42
Dodge: Dodged            |    99 |    41 ||   140

Table legend: (Time is in decaauts)
 A = Elapsed time spent in this place.
 B = Non-inter-level travel time spent in this place.
 C = Inter-level travel time spent in this place.
 D = Time resting spent in this place.
 E = Time spent auto-exploring this place.
 F = Levels seen in this place.
 G = Mean time per level.
                   A        B        C        D        E       F      G
               +--------+--------+--------+--------+--------+-----+--------+
         Total |   3769 |   3767 |      2 |      0 |    177 |   4 |  942.2 |
       Dungeon |   3769 |   3767 |      2 |      0 |    177 |   4 |  942.2 |
               +--------+--------+--------+--------+--------+-----+--------+

Top non-repeatable levels by time:
     D:1: 1784 daAuts
     D:2: 1685 daAuts
     D:4: 212 daAuts
     D:3: 86 daAuts
